 Dungeon Crawl Stone Soup version 0.31-a0-983-g7b6862f502 (webtiles) character file.

Game seed: 3015756186052546300

11611 Danienth the Slicer (level 11, -5/71 HPs)
             Began as a Tengu Air Elementalist on Nov 2, 2023.
             Was a Follower of Ashenzari.
             Slain by a yak (15 damage)
             ... on level 1 of the Lair of Beasts.
             The game lasted 01:15:30 (13380 turns).

Danienth the Slicer (Tengu Air Elementalist)       Turns: 13380, Time: 01:15:33

Health: -5/71      AC:  4    Str: 10    XL:     11   Next: 80%
Magic:  23/41      EV: 15    Int: 27    God:    Ashenzari [*.....]
Gold:   207        SH:  8    Dex: 12    Spells: 9/25 levels left

rFire   x . .        h - +7 dagger of Resumed Hostilities {freeze, MP+9 Int+8 Dex-2}
rCold   . . .        l - +0 kite shield of the Chained Visionary {rPois Stlth+, Alch, Fort} (curse)
rNeg    + . .        a - +2 robe
rPois   +            (helmet restricted)
rElec   .            L - scarf "Shattered Loss" {+Inv, Bglg, Cun} (curse)
rCorr   .            (no gloves)
SInv    .            (boots unavailable)
Will    .....        m - amulet of regeneration
Stlth   +++          u - ring of positive energy
HPRegen 1.11/turn    G - ring of magical power
MPRegen 0.27/turn

%: acrobat
@: flying
A: beak, talons 3, evasive flight, acrobatic, heat vulnerability 1, MP-powered
wands
a: Renounce Religion, Evoke Invisibility, Shatter the Chains


You were on level 1 of the Lair of Beasts.
You worshipped Ashenzari.
Ashenzari was aware of your devotion.
You visited 4 branches of the dungeon, and saw 14 of its levels.
You also visited: Bailey.

You collected 780 gold pieces.
You spent 573 gold pieces at shops.

Inventory:

Hand Weapons
 b - a +1 dagger of flaming
 h - the +7 dagger of Resumed Hostilities (weapon) {freeze, MP+9 Int+8 Dex-2}
   (You found it on level 2 of the Dungeon)

   Int+8:     It affects your intelligence (+8).
   Dex-2:     It affects your dexterity (-2).
   MP+9:      It affects your magic capacity (+9).
 q - a +3 dagger of venom
 r - a +0 vampiric war axe
 B - a +1 scimitar of pain
 J - a +6 falchion of freezing
 N - a +0 dagger of protection
Missiles
 d - 18 boomerangs (quivered)
 f - 23 poisoned darts
 x - 4 curare-tipped darts
Armour
 a - a +2 robe (worn)
 l - the cursed +0 kite shield of the Chained Visionary (worn) {rPois Stlth+, Alch, Fort}
   (You found it on level 3 of the Dungeon)

   rPois:     It protects you from poison Stlth+: It makes you more stealthy.
   It has a curse which improves the following skills: Alchemy: Poison Magic and
   Transmutations.
   Fortitude: Armour and Shields.
 t - a +2 leather armour of cold resistance
 C - +1 steam dragon scales
 L - the cursed scarf "Shattered Loss" (worn) {+Inv, Bglg, Cun}
   (You found it on level 7 of the Dungeon)

   It has a curse which improves the following skills: Beguiling: Conjurations,
   Hexes and Translocations.
   Cunning:   Dodging and Stealth.
 M - a scarf of repulsion
 Q - a scarf of shadows
Jewellery
 m - an amulet of regeneration (around neck)
 u - a ring of positive energy (left hand)
 w - a ring of protection from cold
 G - a ring of magical power (right hand)
 P - a ring of poison resistance
Wands
 s - a wand of flame (14)
 y - a wand of polymorph (13)
 A - a wand of paralysis (16)
Scrolls
 j - 3 scrolls of fear
 v - 2 scrolls of teleportation
 E - a scroll of amnesia
 O - a scroll of revelation
 R - a scroll of fog
Potions
 c - 4 potions of curing
 e - 7 potions of degeneration
 g - a potion of lignification
 i - 3 potions of brilliance
 k - 2 potions of berserk rage
 n - 3 potions of magic
 o - 3 potions of cancellation
 p - 3 potions of ambrosia
 z - a potion of mutation
 D - 2 potions of heal wounds
 F - a potion of enlightenment
 H - 2 potions of invisibility
 I - 2 potions of resistance
 K - a potion of attraction


   Skills:
 * Level 9.2 Fighting
 - Level 12.0 Short Blades
 - Level 0.1 Throwing
 - Level 4.1(4.8) Dodging
 - Level 2.0(2.6) Stealth
 - Level 3.0(3.7) Shields
 * Level 7.5 Spellcasting
 - Level 4.0(4.7) Conjurations
 - Level 3.0(3.7) Transmutations
 - Level 2.1 Ice Magic
 + Level 7.0 Air Magic


You had 9 spell levels left.
You knew the following spells:

 Your Spells              Type           Power      Damage    Failure   Level
a - Shock                 Conj/Air       100%       1d9       2%          1
b - Swiftness             Air            48%        N/A       4%          3
c - Static Discharge      Conj/Air       82%        3-7/arc   3%          2
d - Wereblood             Tmut           30%        N/A       8%          2
e - Stone Arrow           Conj/Erth      46%        3d9       26%         3
f - Freezing Cloud        Conj/Ice/Air   17%        6-21      69%         5

Your spell library contained the following spells:

 Spells                   Type           Power      Damage    Failure   Level
 Magic Dart               Conj           100%       1d8       3%          1
 Poisonous Vapours        Pois/Air       58%        N/A       9%          2
 Sting                    Tmut/Pois      80%        1d7       11%         1
 Cigotuvi's Dreadful Rot  Necr/Pois/Air  44%        N/A       14%         2
 Mephitic Cloud           Conj/Pois/Air  31%        N/A       14%         3
 Airstrike                Air            24%        2d(4-20)  14%         4
 Ozocubu's Armour         Ice            21%        N/A       30%         3
 Call Imp                 Summ           20%        N/A       36%         2
 Ignite Poison            Fire/Tmut/Pois 17%        N/A       41%         3
 Irradiate                Conj/Tmut      16%        3d17      75%         5
 Olgreb's Toxic Radiance  Pois           10%        N/A       93%         4
 Animate Armour           Summ/Erth      20%        N/A       94%         4
 Ozocubu's Refrigeration  Ice            10%        4d9       100%        7
 Lehudib's Crystal Spear  Conj/Erth      11%        10d4      100%        8


Dungeon Overview and Level Annotations

Branches:
Dungeon (11/15)            Temple (1/1) D:6            Lair (1/5) D:10
    Orc (1/2) D:10         Bailey (visited)

Altars:
Ashenzari
Cheibriados
Dithmenos
Elyvilon
Fedhas
Gozag
Hepliaklqana
Kikubaaqudgha
Makhleb
Nemelex Xobeh
Okawaru
Qazlal
Ru
Sif Muna
Trog
Uskayaw
Vehumet
Wu Jian
Xom
Yredelemnul
Zin
The Shining One

Shops:
D:1 :=?=:   D:2 [   D:3 !   D:8 !   D:9 ***


Innate Abilities, Weirdness & Mutations

You have a beak for a mouth.
You have claws for feet.
Your magical flight helps you evade attacks. (EV +4)
You can magically evade attacks while moving or waiting.
You are vulnerable to heat. (rF-)
You expend magic power (3 MP) to strengthen your wands.


Message History

The yak is struck by an arc of lightning.
You kill the yak!
The yak is struck by an arc of lightning.
The yak is heavily wounded.
You are struck by an arc of lightning.
The yak is struck by an arc of lightning.
The yak is heavily wounded.
You are struck by an arc of lightning.
The lightning grounds out.
Your Air Magic skill increases to level 7!
Casting: Static Discharge (safe; 3% risk of failure)
Confirm with . or Enter, or press ? or * to list all spells.
The yak is struck by an arc of lightning.
The yak is moderately wounded.
You are struck by an arc of lightning.
The yak is struck by an arc of lightning.
The yak is heavily wounded.
The lightning grounds out.
The yak is struck by an arc of lightning.
The yak is moderately wounded.
The yak is struck by an arc of lightning.
The yak is heavily wounded.
The yak is struck by an arc of lightning.
The yak is moderately wounded.
The lightning grounds out.
The yak is struck by an arc of lightning.
The yak is heavily wounded.
You are struck by an arc of lightning.
The lightning grounds out.
The yak is struck by an arc of lightning.
The yak is moderately wounded.
You are struck by an arc of lightning.
The yak is struck by an arc of lightning!
The yak is almost dead.
The yak is struck by an arc of lightning.
The yak is heavily wounded.
The lightning grounds out.
The yak gores you!
* * * LOW HITPOINT WARNING * * *
You block the yak's attack. The yak gores you!
* * * LOW HITPOINT WARNING * * *
The yak gores you!
You die...

#. ........# #. ........##
#. .........# ##
..........## #
...........# #
...........## #### ##
.....Y.YY...# ....###.
#.....YY@## ......#..
#.....Y#Y# #........
###.....## #........
...#.##....### #.......
#Y....###....######.......
#.Y... #.......P###......
#....###.......###......
#....##........#.......
.....#...............#


You could see 7 yaks.

Vanquished Creatures
  2 two-headed ogres
  A manticore (D:9)
  A black mamba (Lair:1)
  A torpor snail (Lair:1)
  A cane toad (Lair:1)
  2 kobold demonologists (D:10)
  Maggie (D:6)
  A hornet (D:8)
  Grinder (D:4)
  The ghost of horus123 the Conjurer, an amateur DECj (D:4)
  A wyvern (D:10)
  13 yaks
  A wraith (D:11)
  2 vampire mosquitoes (D:10)
  A warg (Orc:1)
  A water moccasin (Lair:1)
  A swamp drake (D:10)
  A black bear (D:6)
  An ice beast (D:8)
  8 orc warriors
  An ogre (D:4)
  2 sky beasts
  2 centaurs
  A phantom (D:7)
  3 kobold brigands (D:10)
  2 bullfrogs
  3 scorpions
  20 wights
  4 killer bees (D:9)
  6 howler monkeys
  Crazy Yiuf (D:6)
  A hound (D:6)
  A gnoll bouda (D:9)
  14 orc priests
  3 jellies
  3 iguanas
  Ijyb (D:3)
  25 orc wizards
  19 gnolls
  9 adders
  A white imp (D:7)
  4 ufetubi
  3 dart slugs
  73 orcs
  7 endoplasms
  4 giant cockroaches
  8 hobgoblins
  6 jackals (D:1)
  6 kobolds
  4 quokkas
  3 ball pythons
  4 bats
  12 goblins
  8 rats
306 creatures vanquished.

Vanquished Creatures (others)
  An orc wizard (D:7)
1 creature vanquished.

Grand Total: 307 creatures vanquished

Notes
Turn   | Place    | Note
-------+----------+-------------------------------------------
     0 | D:1      | Danienth the Tengu Air Elementalist began the quest for the
                  | Orb.
     0 | D:1      | Reached XP level 1. HP: 10/10 MP: 4/4
   195 | D:1      | Reached XP level 2. HP: 16/16 MP: 1/6
   247 | D:1      | Reached skill level 1 in Fighting
   539 | D:1      | Found Faoposado's Book Boutique.
   542 | D:1      | Found Ziqoir's Magic Scroll Shop.
   635 | D:1      | Reached XP level 3. HP: 20/20 MP: 5/7
   667 | D:1      | Found Kirch's Jewellery Shop.
   771 | D:1      | Found Howew's Jewellery Emporium.
   881 | D:1      | Found Raikki's Book Shoppe.
  1026 | D:1      | Reached skill level 1 in Short Blades
  1144 | D:2      | Learned a level 3 spell: Swiftness
  1147 | D:2      | Learned a level 2 spell: Static Discharge
  1295 | D:2      | Identified the +7 dagger of Resumed Hostilities {freeze,
                  | MP+9 Int+8 Dex-2}
  1378 | D:2      | Reached XP level 4. HP: 26/26 MP: 8/8
  1983 | D:2      | Found Ujuowned's Armour Shop.
  2123 | D:3      | Identified the +0 kite shield of the Moon {rPois Stlth+}
  2145 | D:3      | You fall into a shaft and drop 1 floor!
  2188 | D:4      | Found a runed translucent gate.
  2189 | D:4      | Found a runed translucent gate.
  2189 | D:4      | Found a runed translucent gate.
  2203 | D:4      | Noticed horus123's ghost (amateur DECj)
  2362 | D:4      | Noticed Grinder
  2366 | D:4      | Paralysed by Grinder for 2 turns
  2370 | D:4      | Killed Grinder
  2371 | D:4      | Reached skill level 2 in Short Blades
  2371 | D:4      | Reached skill level 1 in Shields
  2371 | D:4      | Reached XP level 5. HP: 12/31 MP: 10/10
  2371 | D:4      | Reached XP level 6. HP: 14/36 MP: 11/11
  2533 | D:4      | Reached skill level 3 in Short Blades
  2800 | D:4      | Gained mutation: Your magical flight helps you evade
                  | attacks. (EV +4) [Tengu growth]
  2800 | D:4      | Reached XP level 7. HP: 41/41 MP: 9/12
  2992 | D:4      | Reached skill level 4 in Short Blades
  3217 | D:5      | Entered Level 5 of the Dungeon
  3340 | D:3      | Noticed Ijyb
  3354 | D:3      | Killed Ijyb
  3665 | D:3      | Found a white marble altar of Elyvilon.
  3719 | D:3      | Found a shimmering blue altar of Sif Muna.
  3824 | D:3      | Found Vock's Distillery.
  4494 | D:5      | Reached XP level 8. HP: 41/48 MP: 13/13
  4557 | D:5      | Found a snail-covered altar of Cheibriados.
  4645 | D:5      | Reached skill level 5 in Short Blades
  4731 | D:5      | Found a stormy altar of Qazlal.
  4789 | D:5      | Reached skill level 5 in Fighting
  5455 | D:6      | Reached skill level 6 in Short Blades
  5495 | D:6      | Noticed Maggie
  5549 | D:6      | Found a runed translucent door.
  5550 | D:6      | Noticed Crazy Yiuf
  5726 | D:6      | Reached skill level 7 in Short Blades
  5864 | D:6      | Found a staircase to the Ecumenical Temple.
  5892 | D:6      | Paralysed by Maggie for 5 turns
  5905 | D:6      | Killed Maggie
  5906 | D:6      | Reached skill level 8 in Short Blades
  5906 | D:6      | Reached XP level 9. HP: 41/55 MP: 14/14
  6212 | D:7      | Identified the +0 pair of boots "Tuag" {Str+2}
  6227 | D:7      | Found a flagged portal.
  6252 | Bailey   | Entered a bailey
  6742 | D:7      | Reached skill level 9 in Short Blades
  7252 | D:7      | Reached skill level 10 in Short Blades
  7370 | D:7      | Found a hazy altar of Hepliaklqana.
  7409 | D:7      | Found a broken altar of Ashenzari.
  7409 | D:7      | Found a glowing silver altar of Zin.
  7725 | D:8      | Reached skill level 11 in Short Blades
  7828 | D:8      | Reached XP level 10. HP: 52/60 MP: 15/15
  7835 | D:8      | Reached skill level 12 in Short Blades
  7839 | D:8      | Learned a level 2 spell: Wereblood
  7843 | D:8      | Learned a level 3 spell: Stone Arrow
  8088 | D:1      | Bought a scroll of teleportation for 39 gold pieces
  8088 | D:1      | Bought a scroll of enchant weapon for 97 gold pieces
  8088 | D:1      | Bought a scroll of teleportation for 39 gold pieces
  8088 | D:1      | Bought a scroll of identify for 26 gold pieces
  8088 | D:1      | Bought a scroll of identify for 26 gold pieces
  8180 | D:3      | Bought a potion of curing for 42 gold pieces
  8180 | D:3      | Bought 2 potions of curing for 84 gold pieces
  8261 | D:8      | Found a sparkling altar of Nemelex Xobeh.
  8307 | D:8      | Reached skill level 1 in Transmutations
  8449 | D:8      | Found a burning altar of Makhleb.
  8449 | D:8      | Noticed a blizzard demon
  8630 | D:8      | Found Kiah's Distillery.
  8849 | Temple   | Entered the Ecumenical Temple
  9072 | D:6      | Killed Crazy Yiuf
  9178 | D:4      | Killed horus123's ghost
  9429 | D:7      | Became a worshipper of Ashenzari the Shackled
  9554 | D:9      | Found Nurehi's Needful Niceties.
  9598 | D:9      | Noticed a manticore
  9616 | D:9      | HP: 3/61 [manticore/volley of spikes (14)]
  9635 | D:9      | Killed a manticore
  9638 | D:9      | Reached skill level 5 in Spellcasting
  9644 | D:9      | Learned a level 5 spell: Freezing Cloud
  9770 | D:9      | Noticed a two-headed ogre
  9846 | D:9      | Killed a two-headed ogre
  9847 | D:9      | Reached skill level 1 in Ice Magic
  9926 | D:9      | Found Zohatous's Specific Store.
  9931 | D:9      | Found Qaproir's General Store.
 10457 | D:9      | Found an ornate altar of the Wu Jian Council.
 10480 | D:10     | Entered Level 10 of the Dungeon
 10480 | D:10     | Found a staircase to the Lair.
 10500 | D:10     | Gained mutation: You are vulnerable to heat. (rF-) [potion
                  | of mutation]
 10500 | D:10     | Gained mutation: You are dopey. (Int -2) [potion of
                  | mutation]
 10500 | D:10     | Gained mutation: You have hidden genetic defects. [potion
                  | of mutation]
 10501 | D:10     | Lost mutation: You are dopey. (Int -2) [potion of mutation]
 10501 | D:10     | Lost mutation: You have hidden genetic defects. [potion of
                  | mutation]
 10501 | D:10     | Gained mutation: You expend magic power (3 MP) to
                  | strengthen your wands. [potion of mutation]
 10554 | D:10     | Noticed a +0 spear
 10554 | D:10     | Noticed a +0 short sword
 10555 | D:10     | Noticed a +0 falchion
 10556 | D:10     | Noticed a +0 spear
 10556 | D:10     | Noticed a +0 falchion
 10556 | D:10     | Noticed a +0 short sword
 10556 | D:10     | Noticed a +0 dagger
 10557 | D:10     | Noticed a +0 dagger
 10655 | D:10     | Reached XP level 11. HP: 53/67 MP: 20/20
 10748 | D:10     | Noticed a sun demon
 10753 | D:10     | Reached skill level 5 in Air Magic
 11197 | D:10     | Noticed a two-headed ogre
 11230 | D:10     | Killed a two-headed ogre
 11334 | D:10     | Found a staircase to the Orcish Mines.
 11471 | D:9      | Bought a scroll of identify for 28 gold pieces
 11713 | D:10     | Found a hide-covered altar of Uskayaw.
 11932 | D:8      | Bought 2 potions of curing for 72 gold pieces
 11932 | D:8      | Bought a potion of heal wounds for 60 gold pieces
 11932 | D:8      | Bought a potion of heal wounds for 60 gold pieces
 11992 | Orc:1    | Entered Level 1 of the Orcish Mines
 12215 | Orc:1    | Noticed an orc knight
 12692 | Lair:1   | Entered Level 1 of the Lair of Beasts
 13370 | Lair:1   | Reached * piety under Ashenzari
 13380 | Lair:1   | Slain by a yak

Illustrated notes

Levels and vault maps discovered:
D:1:      tarquinn_simple_flora_water_c, layout_basic, serial_shops, shop,
          nicolae_shop_temple_entry_statues_fountains, shop,
          nicolae_shop_tiny_waterfront, shop, st_stairs_14
D:2:      layout_basic, serial_shops, nicolae_shop_scrapyard
D:3:      minmay_skewed_foursquare, layout_loops_corners,
          mainiacjoe_overflow_divided_tiny, serial_shops,
          nicolae_shop_tiny_real_fake_doors, uniq_ijyb
D:4:      layout_loops_ring, ebering_ghost_rock_garden, minivault_23,
          minmay_crossroads, uniq_grinder
D:5:      layout_loops_ring, kennysheep_slug_shrine, old_standard_altar,
          nicolae_elevator_lobby_plus
D:6:      layout_gridville, minmay_temple_entry_mini_moons, corner_web_ring,
          uniq_maggie, uniq_crazy_yiuf_cottage
D:7:      layout_basic, gammafunk_temple_overflow_wave,
          nzn_hepliaklqana_mist_gate, enter_bailey_3
D:8:      layout_rooms, makhleb_altar_promises_db, nemelex_spade_bored_becter,
          serial_shops, nicolae_shop_hallway_stairs
D:9:      layout_basic, kennysheep_mini_moat, nicolae_alphabet_shops,
          nicolae_specific_store
D:10:     layout_long_grid, nicolae_uskayaw_en_pointe, lair_entry_dummy,
          erik_orc_1
D:11:     layout_loops_ring, hangedman_abyss_or_decor_stagger, uniq_erolcha
Temple:   hellmonk_temple_of_storms
Lair:1:   layout_cave_pods, serial_bayou_shore_b
Orc:1:    gammafunk_beogh_shrine, layout_diamond_mine

Skill      XL: |  1  2  3  4  5  6  7  8  9 10 11 |
---------------+----------------------------------+-----
Fighting       | 1 2 3 4 6 7 9 |  9.2
Conjurations   | 2 3 4 |  4.0
Short Blades   | 1 2 3 4 8 11 12 | 12.0
Dodging        | 3 4 |  4.1
Shields        | 1 2 3 |  3.0
Spellcasting   | 3 5 7 |  7.5
Transmutations | 3 |  3.0
Ice Magic      | 2 |  2.1
Air Magic      | 7 |  7.0
Throwing       | |  0.1
Stealth        | |  2.0

Action                     |  1- 3 |  4- 6 |  7- 9 | 10-12 || total
---------------------------+-------+-------+-------+-------++-------
  Melee: Dagger            |       |    22 |   142 |   282 ||   446
         Kick              |       |     7 |    28 |    83 ||   118
         Peck              |       |     4 |    20 |    69 ||    93
  Throw: Boomerang         |    40 |       |       |       ||    40
   Cast: Shock             |    74 |    32 |   295 |   232 ||   633
         Swiftness         |       |     1 |     2 |    10 ||    13
         Static Discharge  |       |       |       |    27 ||    27
         Wereblood         |       |       |       |     3 ||     3
         Stone Arrow       |       |       |       |     1 ||     1
 Invoke: Curse Item        |       |       |       |     2 ||     2
  Evoke: Wand              |       |       |       |     1 ||     1
    Use: Scroll            |     3 |     1 |    16 |    14 ||    34
         Potion            |     1 |       |     1 |    22 ||    24
   Stab: Sleeping          |       |       |     2 |     1 ||     3
 Armour: Robe              |    36 |    14 |    76 |   196 ||   322
  Dodge: Dodged            |    43 |    15 |    73 |   182 ||   313
  Block: Kite shield       |       |     8 |    54 |   112 ||   174

Table legend: (Time is in decaauts)
 A = Elapsed time spent in this place.
 B = Non-inter-level travel time spent in this place.
 C = Inter-level travel time spent in this place.
 D = Time resting spent in this place.
 E = Time spent auto-exploring this place.
 F = Levels seen in this place.
 G = Mean time per level.
                   A        B        C        D        E       F      G
               +--------+--------+--------+--------+--------+-----+--------+
         Total |  13255 |  11566 |   1689 |    968 |   8402 |  15 |  883.7 |
       Dungeon |  11758 |  10166 |   1592 |    767 |   7551 |  11 | 1068.9 |
        Temple |     94 |      1 |     93 |      0 |      0 |   1 |   94.0 |
          Lair |    691 |    691 |      0 |    201 |    373 |   1 |  691.0 |
  Orcish Mines |    244 |    242 |      2 |      0 |    138 |   1 |  244.0 |
        Bailey |    465 |    465 |      0 |      0 |    340 |   1 |  465.0 |
               +--------+--------+--------+--------+--------+-----+--------+

Top non-repeatable levels by time:
    D:10: 1662 daAuts
     D:3: 1355 daAuts
     D:4: 1329 daAuts
     D:1: 1155 daAuts
     D:7: 1138 daAuts
     D:9: 1056 daAuts
     D:2: 1044 daAuts
     D:5: 1026 daAuts
     D:6: 986 daAuts
     D:8: 911 daAuts
  Lair:1: 691 daAuts
  Bailey: 465 daAuts
   Orc:1: 244 daAuts
  Temple: 94 daAuts
    D:11: 93 daAuts
